 Dungeon Crawl Stone Soup version 0.13-a0-2979-gb6a86b3 (webtiles) character file.

289 PolkaDot the Ruinous (level 4, -4/28 HPs)
             Began as a Vampire Wizard on Sept 7, 2013.
             Slain by an orc
             ... wielding a -1,+0 orcish dagger
              (5 damage)
             ... on Level 3 of the Dungeon.
             The game lasted 00:12:47 (2618 turns).

PolkaDot the Ruinous (Vampire Wizard)               Turns: 2618, Time: 00:12:47

HP  -4/28        AC  3     Str  6      XL: 4   Next: 88%
MP  11/12        EV 12     Int 20 (21) God:
Gold 160         SH  0     Dex 12      Spells:  3 memorised,  2 levels left

Res.Fire  : . . .   See Invis. : +   r - +0 long sword
Res.Cold  : . . .   Warding    : .   a - +0 robe
Life Prot.: . . .   Conserve   : .   (no shield)
Res.Poison: .       Res.Corr.  : .   b - +0 wizard hat
Res.Elec. : .       Clarity    : .   (no cloak)
Sust.Abil.: . .     Spirit.Shd : .   g - +0 pair of gauntlets
Res.Mut.  : .       Stasis     : .   (no boots)
Res.Rott. : .       Flight     : .   i - amulet of rage
Saprovore : . . .                    (no ring)
                                     (no ring)

@: regenerating quickly, slightly resistant to hostile enchantments, stealthy
A: fangs 3, see invisible, unbreathing
a: Evoke Berserk Rage


You were on level 3 of the Dungeon.
You were very full.

You visited 1 branch of the dungeon, and saw 3 of its levels.

You collected 140 gold pieces.

Inventory:

Hand weapons
 r - a +0,+0 long sword (weapon)
Armour
 a - a +0 robe (worn)
 b - a +0 wizard hat (worn)
 g - a +0 pair of gauntlets (worn)
Scrolls
 d - a scroll of magic mapping {unknown}
 e - a scroll of noise {unknown}
 f - a scroll of remove curse
 h - a scroll of fog {unknown}
 k - a scroll of recharging {unknown}
 l - a scroll of enchant armour {unknown}
 m - 2 scrolls of teleportation
 o - a scroll of curse jewellery
 p - 2 scrolls of identify {unknown}
Jewellery
 i - an amulet of rage (around neck)
Potions
 j - 2 potions of brilliance
 q - a potion of restore abilities {unknown}
Books
 c - a book of Minor Magic

   Spells                             Type                      Level
   *Magic Dart                        Conjuration                  1
   Blink                              Translocation                2
   Call Imp                           Summoning                    2
   Repel Missiles                     Charms/Air                   2
   Slow                               Hexes                        2
   *Conjure Flame                     Conjuration/Fire             3
   *Mephitic Cloud                    Conjuration/Poison/Air       3


   Skills:
 - Level 2.1 Dodging
 - Level 3.0 Stealth
 - Level 3.0 Spellcasting
 * Level 3.5 Conjurations
   Level 1.0 Summonings
   Level 0.7 Translocations


You had 2 spell levels left.
You knew the following spells:

 Your Spells              Type           Power        Failure   Level  Hunger
a - Magic Dart            Conj           ###.         3%          1    None
d - Mephitic Cloud        Conj/Pois/Air  #.......     30%         3    ###....
s - Conjure Flame         Conj/Fire      ##......     21%         3    ###....


Dungeon Overview and Level Annotations

Branches:
Dungeon (3/27)

Altars:


Innate Abilities, Weirdness & Mutations

Your natural rate of healing is unusually fast.
You have razor-sharp teeth.*
You have supernaturally acute eyesight.
You can survive without breathing.*


Message History

Aiming: Magic Dart
Press: ? - help, Shift-Dir - straight line, f/p - orc priest
Aim: an orc priest, wielding an orcish hand axe and wearing an orcish chain mail (lightly wounded)
The magic dart hits the orc.
The orc is severely wounded.
An orc comes into view. It is wielding an orcish morningstar.
There is an open door here.
There is an open door here.
The orc priest calls upon Beogh to heal the orc.
The orc's wounds heal themselves!
There is an open door here.
The orc priest looks braver.
You open the door. The orc hits you with an orcish dagger.
There is an open door here.
There is a stone staircase leading up here.
The orc priest calls down the wrath of Beogh upon you.
Something smites you!
* * * LOW HITPOINT WARNING * * *
The orc hits you with an orcish dagger.
You die...

#......# #.# #......#
##.# #####o## #..# #.#
###.## ##.# #...# #..#
#.### ####.###
####'####### ....o..#
#..........# .....o.#
#....o@....#
.......####..........#
.........##o...).....#
.......#..o..........#
.......####..........#
######## #..........#
##+#########


You could see an orc priest and 2 orcs.

Vanquished Creatures
  4 gnolls (D:2)
  An adder (D:2)
  2 worms (D:2)
  5 giant geckos
  A ball python (D:1)
  8 bats
  3 giant cockroaches (D:1)
  6 goblins
  8 hobgoblins
  2 quokkas (D:2)
  3 giant newts
  3 jackals (D:2)
  15 kobolds
  7 rats
68 creatures vanquished.

Notes
Turn   | Place    | Note
--------------------------------------------------------------
     0 | D:1      | PolkaDot, the Vampire Wizard, began the quest for the Orb.
     0 | D:1      | Reached XP level 1. HP: 11/11 MP: 6/6
   125 | D:1      | Reached skill level 1 in Conjurations
   362 | D:1      | Reached XP level 2. HP: 17/17 MP: 0/8
   956 | D:1      | Reached XP level 3. HP: 22/22 MP: 6/10
  1502 | D:2      | Learned a level 3 spell: Conjure Flame
  1506 | D:2      | Learned a level 3 spell: Mephitic Cloud
  1898 | D:2      | Reached XP level 4. HP: 19/28 MP: 8/12
  2618 | D:3      | HP: 1/28 [orc priest/divine providence (12)]
  2618 | D:3      | Slain by an orc

Action                   |  1- 3 |  4- 6 || total
-------------------------+-------+-------++-------
Melee: Short sword       |    65 |    26 ||    91
       Long sword        |       |     1 ||     1
 Cast: Magic Dart        |   119 |    51 ||   170
       Conjure Flame     |     1 |       ||     1
       Mephitic Cloud    |       |     1 ||     1
  Use: Potion            |       |     5 ||     5
       Scroll            |       |     3 ||     3
 Stab: Sleeping          |     1 |     1 ||     2
       Confused          |       |     2 ||     2
